 Dungeon Crawl Stone Soup version 0.29.0-7-g18a832c13a (console) character file.

Game seed: 5344157035416624098

35762 jejorda2 the Fighter (level 13, 0/111 HPs)
             Began as a Vine Stalker Berserker on Aug 31, 2022.
             Was a High Priest of Trog.
             Splashed with acid (3 damage)
             ... on level 4 of the Lair of Beasts.
             The game lasted 00:44:49 (14101 turns).

jejorda2 the Fighter (Vine Stalker Berserker)      Turns: 14101, Time: 00:44:49

Health: 0/111      AC: 15    Str: 29    XL:     13   Next: 85%
Magic:  0/14       EV: 16    Int:  2    God:    Trog [*****.]
Gold:   791        SH: 10    Dex: 19    Spells: 12/12 levels left

rFire   + . .      SeeInvis +   a - +9 quick blade (vorpal)
rCold   . . .      Faith    .   i - +3 warlock's mirror {reflect}
rNeg    . . .      Spirit   +   Q - +7 chain mail of Sif Muna's Envy {rF+ SInv}
rPois   .          Reflect  +   C - +0 helmet of the Wild Haggis {+Blink Int-5 Dex+5 SInv}
rElec   +          Harm     .   H - +2 cloak of Miracles {rElec Str+4}
rCorr   .          Rampage  .   n - +1 pair of gloves
Will    ++++.                   G - +1 pair of boots of Supple Strength {Regen+}
Stlth   ..........              m - amulet of magic regeneration
HPRegen 2.88/turn               P - +4 ring of evasion
MPRegen 0.54/turn               y - ring of willpower

@: berserking, strong-willed, corroded, regenerating, very quick
A: fangs 3, regeneration 1, magic shield, antimagic bite, no potion heal 2
a: Renounce Religion, Evoke Blink, Berserk, Trog's Hand, Brothers in Arms


You were on level 4 of the Lair of Beasts.
You worshipped Trog.
Trog was extremely pleased with you.
You visited 2 branches of the dungeon, and saw 14 of its levels.
You also visited: Bailey.

You collected 1114 gold pieces.
You spent 323 gold pieces at shops.

Inventory:

Hand Weapons
 a - a +9 vorpal quick blade (weapon)
Missiles
 b - 109 stones
 o - a curare-tipped dart
 u - 38 poisoned darts (quivered)
 v - 2 throwing nets
 w - 2 javelins
 L - 6 boomerangs
Armour
 i - the +3 warlock's mirror (worn) {reflect}
   (You acquired it on level 6 of the Dungeon)

   It can block and reflect piercing ranged attacks and magical attacks against
   the wielder's willpower.
 n - a +1 pair of gloves (worn)
 t - a +4 scale mail of cold resistance
 C - the +0 helmet of the Wild Haggis (worn) {+Blink Int-5 Dex+5 SInv}
   (You acquired it in a bailey)

   Int:       It affects your intelligence (-5).
   Dex:       It affects your dexterity (+5).
   SInv:      It lets you see invisible.
   +Blink:    It lets you blink.
 G - the +1 pair of boots of Supple Strength (worn) {Regen+}
   (You found it on level 5 of the Dungeon)

   Regen:     It increases your rate of health regeneration.
 H - the +2 cloak of Miracles (worn) {rElec Str+4}
   (You bought it in a shop on level 8 of the Dungeon)

   Str:       It affects your strength (+4).
   rElec:     It insulates you from electricity.
 Q - the +7 chain mail of Sif Muna's Envy (worn) {rF+ SInv}
   (You found it on level 1 of the Lair of Beasts)

   rF:        It protects you from fire.
   SInv:      It lets you see invisible.
Jewellery
 m - an amulet of magic regeneration (around neck)
 y - a ring of willpower (right hand)
 P - a +4 ring of evasion (left hand)
Wands
 h - a wand of polymorph (3)
 A - a wand of iceblast (7)
 E - a wand of charming (16)
 J - a wand of flame (16)
Scrolls
 c - 2 scrolls of blinking
 f - 6 scrolls of teleportation
 j - 2 scrolls of fear
 k - 3 scrolls of fog
 s - 2 scrolls of vulnerability
 F - 2 scrolls of poison
 N - a scroll of magic mapping
Potions
 d - 13 potions of curing
 e - 3 potions of mutation
 l - 4 potions of lignification
 p - a potion of might
 q - 2 potions of resistance {unknown}
 r - 3 potions of magic
 z - 3 potions of attraction
 B - a potion of ambrosia {unknown}
 K - 2 potions of flight
 M - 2 potions of invisibility
 O - a potion of berserk rage {unknown}
 R - 3 potions of haste
 S - a potion of cancellation {unknown}


   Skills:
 + Level 11.9 Fighting
 - Level 10.0 Short Blades
 - Level 6.0 Throwing
 + Level 7.7 Armour
 - Level 6.0 Dodging
 - Level 3.0 Stealth
 + Level 8.0 Shields
 - Level 6.0 Evocations


You had 12 spell levels left.
You didn't know any spells.
Your spell library was empty.

Dungeon Overview and Level Annotations

Branches:
Dungeon (10/15)            Temple (0/1) D:4            Lair (4/5) D:10
 Shoals (0/4) Lair:2       Spider (0/4) Lair:2        Slime (0/5) Lair:4
    Orc (0/2) D:9          Bailey (visited)

Altars:
Ashenzari
Dithmenos
Hepliaklqana
Kikubaaqudgha
Nemelex Xobeh
Qazlal
Ru
Sif Muna
Trog
Uskayaw
Vehumet
Wu Jian
Xom

Shops:
D:7 [[(   D:8 [   D:9 [

Annotations:
D:6 2 runed translucent doors
Lair:4 exclusion: 2 oklob plants


Innate Abilities, Weirdness & Mutations

You have razor-sharp teeth.
Your natural rate of healing is unusually fast.
When hurt, damage is shared between your health and your magic reserves.
Your bite disrupts and absorbs the magic of your enemies.
Potions cannot restore your health.


Message History

The splash of acid hits you but does no damage.
The acid corrodes you! The oklob plant spits acid at you.
The splash of acid hits you.
You are splashed with acid!
The oklob plant spits acid at you. The splash of acid hits you!
The acid corrodes you!
You are splashed with acid!
The oklob plant spits acid at you. The splash of acid misses you.
Your skin crawls.
You feel strong-willed.
You are splashed with acid!
The oklob plant spits acid at you. The splash of acid hits you.
A red film seems to cover your vision as you go berserk!
You feel yourself moving faster!
You feel mighty!
You are splashed with acid!
* * * LOW HITPOINT WARNING * * *
The oklob plant spits acid at you. The splash of acid hits you!
* * * LOW HITPOINT WARNING * * *
The acid corrodes you!
You feel a strong urge to attack something.
You are splashed with acid.
* * * LOW HITPOINT WARNING * * *
You hit the oklob plant.
You bite the oklob plant, but do no damage.
The oklob plant is lightly damaged.
You are splashed with acid.
* * * LOW HITPOINT WARNING * * *
You puncture the oklob plant!
You bite the oklob plant, but do no damage.
The oklob plant is moderately damaged.
You are splashed with acid.
* * * LOW HITPOINT WARNING * * *
You hit the oklob plant but do no damage.
You bite the oklob plant, but do no damage.
The oklob plant is moderately damaged.
You are splashed with acid.
You die...

....###.###..#
...##.#..#...#
.............##
..............#
..............#
...........##.###
.P####.#.#####..###
.## ##### ##..#.#
.# #...@P# .## #
##.>..# .P#. #..P.#
..... ##.... .#.##
#....# .### ##...#
.# #.... .###
.....# .....


You could see 2 oklob plants.

Vanquished Creatures
  The ghost of turdburglar the Skirmisher, a journeyman GnHu (Lair:2)
  2 hydras
  2 boulder beetles
  A catoblepas (Lair:1)
  Erica (D:8)
  A two-headed ogre (D:9)
  3 orc knights (Bailey)
  A lindwurm (Lair:3)
  An orc sorcerer (Bailey)
  A manticore (Lair:2)
  11 elephants
  An oklob plant (Lair:4)
  3 black mambas
  14 cane toads
  A gargoyle (D:6)
  A kobold demonologist (Bailey)
  A rime drake (Lair:3)
  4 komodo dragons
  2 trolls (D:10)
  A wind drake (Lair:2)
  4 polar bears
  A tarantella (Lair:2)
  19 blink frogs
  Sigmund (D:2)
  4 wyverns
  A wraith (D:9)
  20 yaks
  3 steam dragons
  Edmund (D:4)
  8 water moccasins
  5 black bears
  7 orc warriors
  A sky beast (D:6)
  Duvessa (D:6)
  3 ice beasts (D:6)
  3 ogres
  17 wolves
  7 centaurs
  2 phantoms (D:6)
  Blork the orc (D:4)
  2 kobold brigands
  17 bullfrogs
  2 gnoll sergeants
  5 scorpions
  2 necrophages (D:6)
  Dowan (D:6)
  5 killer bees (D:7)
  3 electric eels
  A howler monkey (D:8)
  4 jellies
  3 orc priests
  3 gnoll boudas
  Crazy Yiuf (D:2)
  Natasha (D:4)
  2 iguanas
  10 orc wizards
  Robin (D:2)
  27 gnolls
  5 adders
  A white imp (D:8)
  2 ufetubi (D:5)
  3 dart slugs
  38 orcs
  5 bats
  9 endoplasms
  2 giant cockroaches
  20 goblins
  17 hobgoblins
  11 jackals
  17 kobolds
  3 quokkas
  6 ball pythons
  2 frilled lizards
  6 rats
399 creatures vanquished.

Vanquished Creatures (others)
  An orc wizard (D:8)
  An orc (D:8)
  A kobold (D:9)
  8 fungi
  14 plants
25 creatures vanquished.

Grand Total: 424 creatures vanquished

Notes
Turn   | Place    | Note
-------+----------+-------------------------------------------
     0 | D:1      | jejorda2 the Vine Stalker Berserker began the quest for the
                  | Orb.
     0 | D:1      | Reached XP level 1. HP: 11/11 MP: 2/2
   249 | D:1      | Reached XP level 2. HP: 16/16 MP: 3/3
   942 | D:1      | Reached skill level 3 in Fighting
  1362 | D:2      | Noticed Sigmund
  1371 | D:2      | Killed Sigmund
  1372 | D:2      | Reached XP level 3. HP: 21/21 MP: 4/4
  1372 | D:2      | Gained mutation: Your natural rate of healing is unusually
                  | fast. [Vine Stalker growth]
  1372 | D:2      | Reached XP level 4. HP: 25/25 MP: 5/5
  1372 | D:2      | Reached XP level 5. HP: 29/29 MP: 6/6
  1814 | D:2      | Reached ** piety under Trog
  1973 | D:2      | Found a runed translucent door.
  1974 | D:2      | Noticed Crazy Yiuf
  1980 | D:2      | Killed Crazy Yiuf
  1981 | D:2      | Reached skill level 4 in Fighting
  1981 | D:2      | Reached skill level 5 in Short Blades
  2294 | D:2      | Noticed Robin
  2297 | D:2      | Reached XP level 6. HP: 33/33 MP: 7/7
  2304 | D:2      | Killed Robin
  3483 | D:4      | Noticed Edmund
  3489 | D:4      | Killed Edmund
  3490 | D:4      | Reached XP level 7. HP: 38/38 MP: 8/8
  3640 | D:4      | Found a staircase to the Ecumenical Temple.
  3645 | D:4      | Noticed Blork the orc
  3652 | D:4      | Killed Blork the orc
  3762 | D:4      | Reached *** piety under Trog
  3763 | D:4      | Reached skill level 5 in Fighting
  4029 | D:4      | Found a shimmering blue altar of Sif Muna.
  4084 | D:4      | Noticed Natasha
  4092 | D:4      | Killed Natasha
  4131 | D:4      | Gained mutation: You have razor-sharp teeth. [Vine Stalker
                  | growth]
  4131 | D:4      | Reached XP level 8. HP: 39/43 MP: 7/9
  4251 | D:5      | Entered Level 5 of the Dungeon
  4359 | D:5      | Reached skill level 6 in Fighting
  4730 | D:5      | Identified the +1 pair of boots of Supple Strength {Regen+}
  4984 | D:6      | Identified a scroll of acquirement
  4984 | D:6      | Acquired the +3 warlock's mirror {reflect}
  4984 | D:6      | Found the +3 warlock's mirror {reflect}
  5072 | D:6      | Reached skill level 1 in Shields
  5079 | D:6      | Reached XP level 9. HP: 48/48 MP: 10/10
  5156 | D:6      | Found a radiant altar of Vehumet.
  5181 | D:6      | Found an ancient bone altar of Kikubaaqudgha.
  5313 | D:6      | Noticed Dowan
  5313 | D:6      | Noticed Duvessa
  5319 | D:6      | Killed Dowan
  5336 | D:6      | Killed Duvessa
  5382 | D:6      | Found a shimmering altar of Xom.
  5539 | D:6      | Found a broken altar of Ashenzari.
  5645 | D:6      | Found a large runed translucent door.
  5645 | D:6      | Found a large runed translucent door.
  5648 | D:6      | Noticed a gargoyle
  5655 | D:6      | Found a large runed translucent door.
  5655 | D:6      | Found a large runed translucent door.
  5672 | D:6      | Killed a gargoyle
  5673 | D:6      | Reached skill level 10 in Short Blades
  5739 | D:6      | Noticed a boulder beetle
  5749 | D:6      | Killed a boulder beetle
  5750 | D:6      | Reached skill level 1 in Evocations
  5750 | D:6      | Reached XP level 10. HP: 53/53 MP: 8/11
  5983 | D:6      | Found a hazy altar of Hepliaklqana.
  6381 | D:7      | Reached **** piety under Trog
  6460 | D:7      | Found a shadowy altar of Dithmenos.
  6519 | D:7      | Found Fomar's Armour Shoppe.
  6546 | D:7      | Found a flagged portal.
  6563 | Bailey   | Entered a bailey
  6613 | Bailey   | Noticed an orc knight
  6653 | Bailey   | Killed an orc knight
  6702 | Bailey   | Noticed an orc knight
  6723 | Bailey   | Killed an orc knight
  6812 | Bailey   | Noticed an orc sorcerer
  6822 | Bailey   | Killed an orc sorcerer
  6823 | Bailey   | Reached skill level 5 in Armour
  6842 | Bailey   | Acquired the +0 helmet of the Wild Haggis {+Blink Int-5
                  | Dex+5 SInv}
  6876 | Bailey   | Noticed an orc knight
  6885 | Bailey   | Killed an orc knight
  6888 | Bailey   | Reached XP level 11. HP: 56/56 MP: 12/12
  7021 | Bailey   | Found an iron altar of Okawaru.
  7092 | Bailey   | Identified the +8 great sword of No Interval {venom,
                  | Stlth+}
  7540 | D:7      | Found Tuni's Antique Weapon Boutique.
  7554 | D:7      | Found a sacrificial altar of Ru.
  7602 | D:7      | Found Imuachaka's Armour Shop.
  8141 | D:8      | Noticed Erica
  8155 | D:8      | Killed Erica
  8191 | D:8      | Reached skill level 5 in Evocations
  8197 | D:8      | Reached skill level 5 in Dodging
  8686 | D:8      | Found Giomeott's Antique Armour Shoppe.
  8712 | D:8      | Bought an ancient cloak for 323 gold pieces
  8712 | D:8      | Identified the +2 cloak of Miracles {rElec Str+4} (You
                  | bought it in a shop on level 8 of the Dungeon)
  8986 | D:9      | Found a staircase to the Orcish Mines.
  9079 | D:9      | Found Rotuj's Armour Shop.
  9139 | D:9      | Noticed a two-headed ogre
  9152 | D:9      | Killed a two-headed ogre
  9169 | D:9      | Found a sparkling altar of Nemelex Xobeh.
  9253 | D:9      | Reached ***** piety under Trog
  9635 | D:10     | Entered Level 10 of the Dungeon
  9759 | D:10     | Found a staircase to the Lair.
 10071 | D:10     | Found a stormy altar of Qazlal.
 10107 | D:10     | Reached skill level 1 in Throwing
 10114 | D:10     | Reached skill level 7 in Fighting
 10226 | Lair:1   | Entered Level 1 of the Lair of Beasts
 10242 | Lair:1   | Identified the +7 chain mail of Sif Muna's Envy {rF+ SInv}
 10420 | Lair:1   | Reached XP level 12. HP: 63/63 MP: 13/13
 10480 | Lair:1   | Noticed a catoblepas
 10494 | Lair:1   | Killed a catoblepas
 10495 | Lair:1   | Reached skill level 8 in Fighting
 10785 | Lair:1   | Identified the ring "Hurghema" {*Corrode rN+ Str+7 Int-5
                  | Dex+6}
 10889 | Lair:1   | Reached skill level 5 in Throwing
 11252 | Lair:2   | Reached skill level 1 in Stealth
 11266 | Lair:2   | Found a staircase to the Shoals.
 11277 | Lair:2   | Found a hide-covered altar of Uskayaw.
 11277 | Lair:2   | Found an ornate altar of the Wu Jian Council.
 11280 | Lair:2   | Noticed a boulder beetle
 11298 | Lair:2   | Killed a boulder beetle
 11299 | Lair:2   | Reached skill level 9 in Fighting
 11384 | Lair:2   | Found a runed translucent gate.
 11463 | Lair:2   | Identified the +8 morningstar of Heho {antimagic, rPois}
                  | (Trog gifted it to you on level 2 of the Lair of Beasts)
 11463 | Lair:2   | Received a gift from Trog
 11465 | Lair:2   | Noticed a six-headed hydra
 11479 | Lair:2   | Killed a six-headed hydra
 11616 | Lair:2   | Reached skill level 10 in Fighting
 11661 | Lair:2   | Found a hole to the Spider Nest.
 11740 | Lair:2   | Found a runed translucent gate.
 11750 | Lair:2   | Found a runed translucent gate.
 11753 | Lair:2   | Noticed turdburglar's ghost (journeyman GnHu)
 12010 | Lair:2   | Killed turdburglar's ghost
 12011 | Lair:2   | Reached XP level 13. HP: 72/72 MP: 14/14
 12190 | Lair:3   | Reached skill level 11 in Fighting
 13586 | Lair:4   | Found a bloodstained altar of Trog.
 13625 | Lair:4   | Received a gift from Trog
 14089 | Lair:4   | Found a staircase to the Slime Pits.
 14100 | Lair:4   | HP: 3/111 [acid (4)]
 14101 | Lair:4   | Splashed with acid

Illustrated notes

Levels and vault maps discovered:
D:1:      erik_arrival_triangle_huge, layout_loops_ring, kennysheep_nondescript
D:2:      layout_basic, uniq_sigmund, uniq_crazy_yiuf_cottage, uniq_robin
D:3:      layout_basic, minivault_24, st_stairs_10
D:4:      layout_basic, lemuel_crystal_altar, minmay_temple_entry_junction_2,
          minmay_fractal_squares_diagonal_5, uniq_blork_the_orc, uniq_edmund,
          uniq_natasha
D:5:      layout_basic
D:6:      layout_basic, nicolae_ashenzari_panopticon, lemuel_doored_altar,
          general_overflow_altar, mainiacjoe_overflow_large_starburst,
          nicolae_concentric_dashed_squares_mild, minmay_misc_feat_iff,
          interstate_on_off, minmay_hollow_rounded_squares, uniq_duvessa
D:7:      layout_gridville, nicolae_ru_awakened_eye,
          mainiacjoe_overflow_chevrons, serial_shops, kennysheep_mini_moat,
          nicolae_shop_trees, shop, enter_bailey_3, grunt_ministairs_8,
          minmay_liquid_box
D:8:      layout_basic, serial_shops, shop, uniq_erica
D:9:      layout_cave_pools, mainiacjoe_overflow_brackets, orc_david_3,
          serial_shops, nicolae_shop_trees, kennysheep_cluttered_room
D:10:     layout_roguey, mainiacjoe_overflow_catwalk, lair_entry_dummy
Lair:1:   layout_loops_ring, infiniplex_staircase_pool, lemuel_fruit_fields
Lair:2:   layout_gridlike, minmay_shoals_entry_beasts, spider_nest_entry_rubble,
          gammafunk_ghost_split, nzn_masters_of_martial_movement,
          grunt_megastairs_2
Lair:3:   layout_regular_city, serial_bayou_shore_a
Lair:4:   layout_regular_city, minmay_slime_entry_oklob_enclosed, basic_altar,
          grunt_megastairs_5

Skill      XL: |  1  2  3  4  5  6  7  8  9 10 11 12 13 |
---------------+----------------------------------------+-----
Short Blades   | 3 4 5 6 7 9 10 | 10.0
Fighting       | 3 4 5 6 7 10 11 | 11.9
Shields        | 1 6 8 |  8.0
Armour         | 2 5 6 7 |  7.7
Dodging        | 2 4 6 |  6.0
Evocations     | 1 3 6 |  6.0
Throwing       | 3 6 |  6.0
Stealth        | 3 |  3.0

Action                   |  1- 3 |  4- 6 |  7- 9 | 10-12 | 13-15 || total
-------------------------+-------+-------+-------+-------+-------++-------
Melee: Short sword       |    13 |       |       |       |       ||    13
       Bite              |    12 |    37 |   102 |   310 |   164 ||   625
       Dagger            |    35 |   118 |   274 |   777 |   297 ||  1501
       Punch             |       |       |     5 |       |       ||     5
       Quick blade       |       |       |       |       |    82 ||    82
Throw: Dart              |       |       |     3 |    23 |     8 ||    34
       Stone             |       |       |       |    11 |       ||    11
       Boomerang         |       |       |       |     3 |       ||     3
Invok: Berserk           |     1 |     3 |     7 |    12 |     5 ||    28
       Trog's Hand       |       |       |     3 |     2 |     1 ||     6
  Use: Scroll            |       |       |    11 |    10 |     9 ||    30
 Stab: Sleeping          |     1 |       |       |       |       ||     1
Armor: Animal skin       |     8 |       |       |       |       ||     8
       Chain mail        |       |    57 |   101 |    50 |   100 ||   308
       Scale mail        |       |       |       |   111 |       ||   111
Dodge: Dodged            |    41 |    29 |    81 |   201 |   148 ||   500
Block: Buckler           |       |       |    25 |   213 |   105 ||   343
       Reflection        |       |       |     1 |    11 |       ||    12
